 Dungeon Crawl Stone Soup version 0.27-a0-1184-ge86db4a01e (webtiles) character file.

Game seed: 4014413199915570367

105 bisexualwizard the Chopper (level 4, -3/40 HPs)
             Began as a Minotaur Berserker on May 19, 2021.
             Was a Believer of Trog.
             Slain by Sigmund
             ... wielding a +0 scythe
              (9 damage)
             ... on level 2 of the Dungeon.
             The game lasted 00:03:46 (1664 turns).

bisexualwizard the Chopper (Minotaur Berserker)     Turns: 1664, Time: 00:03:46

Health: -3/40      AC:  0    Str: 22    XL:     4   Next: 53%
Magic:  3/3        EV: 14    Int:  5    God:    Trog [**....]
Gold:   67         SH:  0    Dex:  9    Spells: 3/3 levels left

rFire    . . .     SeeInvis .   (weapon currently unavailable)
rCold    . . .     Faith    .   (shield currently unavailable)
rNeg     . . .     Spirit   .   (armour currently unavailable)
rPois    .         Reflect  .   (helmet currently unavailable)
rElec    .         Harm     .   (cloak currently unavailable)
rCorr    .         Rampage  .   (gloves currently unavailable)
Will     ++...                  (boots currently unavailable)
Stlth    +.........             (no amulet)
HPRegen  1.13/turn              (ring currently unavailable)
MPRegen  0.08/turn              (ring currently unavailable)

@: pig-form (expiring), strong-willed, on berserk cooldown, regenerating, slowed
A: fast, no casting, small, (horns 2), (retaliatory headbutt)
a: Renounce Religion, Berserk, Trog's Hand


You were on level 2 of the Dungeon.
You worshipped Trog.
Trog was pleased with you.
You were a filthy swine.
You visited 1 branch of the dungeon, and saw 2 of its levels.

You collected 67 gold pieces.

Inventory:

Hand Weapons
 a - a +0 hand axe (melded)
Armour
 b - a +0 animal skin
 d - a +0 ring mail (melded)
Jewellery
 j - an amulet of magic regeneration
Scrolls
 c - a scroll of noise {unknown}
 f - a scroll of immolation {unknown}
 h - 2 scrolls of identify {unknown}
 i - a scroll of enchant armour {unknown}
Potions
 e - a potion of degeneration {unknown}
 g - a potion of brilliance {unknown}


   Skills:
 - Level 3.8 Fighting
 * Level 6.3 Axes
 - Level 2.5 Armour
 - Level 2.2 Dodging


You had 3 spell levels left.
You didn't know any spells.
Your spell library was empty.

Dungeon Overview and Level Annotations

Branches:
Dungeon (2/15)

Altars:

Shops:
D:1 [?

Annotations:
D:2 Sigmund


Innate Abilities, Weirdness & Mutations

You are a filthy swine.
You move quickly.
Your equipment is almost entirely melded.
You are incapable of wielding weapons or throwing items.
You cannot cast spells.
((You have a pair of horns on your head.))
((You reflexively headbutt those who attack you in melee.))


Message History

Terence hits you with a +0 mace.
You slash Terence!
Terence is severely wounded.
You slash Terence!
You kill Terence!
Trog accepts your kill.
Your Axes skill increases to level 6!
No target in view!
No target in view!
You hear a zap.
Something tries to affect you, but you resist.
You feel a strong urge to attack something.
You hear a zap.
You turn into a filthy swine.
Your +0 hand axe melds into your body.
Your +0 ring mail melds into your body.
Found 12 arrows.
You feel your anger nearly subside.
You are no longer berserk.
You are exhausted.
You feel yourself slow down.
The gnoll shouts!
You hear a zap.
Something hits you!
Your skin crawls.
You feel strong-willed. Something hits you.
You are too injured to fight recklessly!
You are too injured to fight recklessly!
Something hits you!
* * * LOW HITPOINT WARNING * * *
You hear a zap.
Something tries to affect you, but you resist.
Your transformation is almost over.
You hear a zap.
Something tries to affect you, but you resist.
Something hits you.
* * * LOW HITPOINT WARNING * * *
A gnoll comes into view. It is wielding a +0 club.
The gnoll closely misses you. Something hits you.
* * * LOW HITPOINT WARNING * * *
You closely miss something. The gnoll closely misses you. Something hits you!
You die...

........<...##..(....###
.......>...............#
.......................#
.......................#
.....................?.#
.......................#
.......................#
...............).......#.#
....#...........h........(
###....##....#####g#......
###.##...........#........
....#.....................
.................#........
......................g....
...........<......#........
..............>..###.......
............)....###.......


You could see 2 gnolls.

Vanquished Creatures
  Terence (D:2)
  A gnoll (D:2)
  2 adders (D:2)
  7 ball pythons
  4 endoplasms
  5 goblins
  5 hobgoblins
  7 jackals (D:1)
  5 bats
  4 frilled lizards
  4 kobolds (D:1)
  4 rats (D:1)
49 creatures vanquished.

Notes
Turn   | Place    | Note
-------+----------+-------------------------------------------
     0 | D:1      | bisexualwizard the Minotaur Berserker began the quest for
                  | the Orb.
     0 | D:1      | Reached XP level 1. HP: 19/19 MP: 0/0
    59 | D:1      | Reached skill level 4 in Axes
   113 | D:1      | Reached XP level 2. HP: 23/27 MP: 1/1
   580 | D:1      | Reached ** piety under Trog
   581 | D:1      | Reached XP level 3. HP: 25/33 MP: 2/2
   653 | D:1      | Found Jedghaas's Magic Scroll Shoppe.
   682 | D:1      | Found Utyt's Armour Shoppe.
   865 | D:1      | Reached skill level 5 in Axes
  1477 | D:2      | Reached XP level 4. HP: 40/40 MP: 3/3
  1641 | D:2      | Noticed Terence
  1646 | D:2      | Noticed Sigmund
  1651 | D:2      | Killed Terence
  1652 | D:2      | Reached skill level 6 in Axes
  1664 | D:2      | Slain by Sigmund

Illustrated notes

Levels and vault maps discovered:
D:1:      lemuel_arrival_lava_pool, layout_loops_corners, serial_shops, shop,
          shop, dk_noncrumbling_2
D:2:      layout_rooms, uniq_sigmund, uniq_terence

Skill      XL: |  1  2  3  4 |
---------------+-------------+-----
Axes           | 4 5 6 |  6.3
Fighting       | |  3.8
Armour         | |  2.5
Dodging        | |  2.2

Action                   |  1- 3 |  4- 6 || total
-------------------------+-------+-------++-------
Melee: Hand axe          |    89 |    20 ||   109
       Headbutt          |    14 |     5 ||    19
       Unarmed           |       |     1 ||     1
Invok: Berserk           |     1 |     1 ||     2
       Trog's Hand       |       |     1 ||     1
Armor: Ring mail         |    35 |     9 ||    44
       Animal skin       |     1 |       ||     1
Dodge: Dodged            |    50 |    15 ||    65

Table legend: (Time is in decaauts)
 A = Elapsed time spent in this place.
 B = Non-inter-level travel time spent in this place.
 C = Inter-level travel time spent in this place.
 D = Time resting spent in this place.
 E = Time spent auto-exploring this place.
 F = Levels seen in this place.
 G = Mean time per level.
                   A        B        C        D        E       F      G
               +--------+--------+--------+--------+--------+-----+--------+
         Total |   1678 |   1611 |     67 |    290 |   1011 |   2 |  839.0 |
       Dungeon |   1678 |   1611 |     67 |    290 |   1011 |   2 |  839.0 |
               +--------+--------+--------+--------+--------+-----+--------+

Top non-repeatable levels by time:
     D:1: 1161 daAuts
     D:2: 516 daAuts
